Map: Frost LE

Players

Ares - Winner!

  • Race: Terran Terran
  • League: Gold

Nickos

  • Race: Terran Terran
  • League: Gold

VOD

Have the link to the VOD?

Description

Time

  • Played on: Sept. 24, 2016, 6:55 a.m.
  • Length: 10:06
Show
View Real Time Build Order
Export as new Build Order

Ares Terran - Winner!

Build Orders: Reaper Expand, MMM Bio 

Get SALT Encoding   

  12  0:01  SCV  
  13  0:13  SCV  
  14  0:17  Supply Depot  
  14  0:25  SCV  
  15  0:33  Refinery  
  15  0:39  SCV  
  16  0:47  Barracks  
  16  0:52  SCV  
  18  1:04  SCV  
  18  1:16  SCV  
  19  1:33  Orbital Command  
  19  1:35  Reaper  
  20  1:50  Command Center  
  20  2:03  Supply Depot  
  20  2:11  SCV  
  20  2:13  Refinery, Barracks Reactor  
  21  2:22  Factory  
  21  2:24  SCV  
  22  2:57  Marine x2  
  24  3:04  SCV  
  26  3:08  Orbital Command  
  26  3:10  Hellion  
  27  3:14  Starport  
  27  3:15  Marine x2  
  27  3:16  SCV  
  30  3:28  SCV  
  30  3:31  Factory Tech Lab  
  31  3:40  SCV  
  32  3:45  Marine x2  
  32  3:46  SCV  
  35  3:53  SCV  
  35  3:54  Engineering Bay  
  36  3:58  Viking, SCV  
  39  4:02  Marine  
  39  4:03  Marine  
  39  4:05  SCV  
  42  4:10  SCV  
  43  4:17  SCV  
  44  4:30  SCV  
  45  4:31  Starport Reactor  
  45  4:37  Barracks  
  45  4:38  SCV  
  45  4:43  Barracks Tech Lab  
  45  4:45  Missile Turret  
  46  4:48  Supply Depot  
  46  4:49  Supply Depot x2  
  46  4:56  Missile Turret  
  46  5:04  Stimpack  
  46  5:10  Medivac, Viking, Siege Tank, SCV x2  
  46  5:11  Barracks  
  55  5:15  Terran Infantry Weapons Level 1  
  55  5:22  SCV  
  55  5:27  SCV  
  57  5:32  Marine x3  
  57  5:34  SCV  
  61  5:39  SCV  
  61  5:40  Medivac  
  61  5:42  Siege Tank  
  67  5:46  SCV  
  67  5:49  Marine x2  
  67  5:50  Marine  
  70  5:59  Refinery  
  70  6:00  Refinery  
  70  6:01  Barracks Reactor  
  70  6:06  Command Center  
  70  6:10  Supply Depot  
  70  6:11  Supply Depot  
  70  6:15  Supply Depot  
  70  6:16  Supply Depot  
  70  6:32  Siege Tank, SCV x2  
  75  6:39  Marine x2  
  76  6:40  Marine x2  
  76  6:41  Armory  
  76  6:43  Medivac  
  76  6:44  Marine, SCV x2  
  84  6:50  Supply Depot  
  84  6:56  SCV  
  84  6:57  Marine  
  84  6:59  Marine x2  
  84  7:00  Marine  
  89  7:02  Marine  
  89  7:04  Siege Tank  
  93  7:09  Engineering Bay  
  93  7:11  Terran Infantry Armor Level 1  
  93  7:12  Combat Shields  
  93  7:15  Medivac  
  95  7:16  Marine  
  95  7:17  Marine x3  
  95  7:19  SCV x2  
  95  7:20  Marine  
  103  7:28  Orbital Command  
  102  7:36  Siege Tank  
  105  7:37  Marine  
  105  7:38  Marine x4  
  105  7:43  Medivac  
  112  7:48  Orbital Command  
  112  8:03  Marine x5  
  117  8:08  Siege Tank  
  120  8:18  Viking x2  
  124  8:20  Marine  
  124  8:22  Supply Depot x2  
  124  8:23  Supply Depot, Marine x4  
  124  8:24  Supply Depot  
  107  8:38  Marine  
  107  8:40  Marine x4  
  94  8:53  SCV x3  
  97  8:56  Marine  
  97  8:58  Marine x4  
  102  9:05  SCV x2  
  102  9:06  Siege Tank  
  102  9:09  Missile Turret  
  107  9:14  Marine  
  107  9:16  Marine x2  
  96  9:26  Marine x2  
  97  9:32  Marine  
  97  9:34  Marine x2  
Show
View Real Time Build Order
Export as new Build Order

Nickos Terran 

Build Orders: MMM Bio 

Get SALT Encoding   

  12  0:00  SCV  
  13  0:13  SCV  
  14  0:17  Supply Depot  
  14  0:25  SCV  
  15  0:39  SCV  
  15  0:40  Barracks  
  16  0:51  SCV  
  17  1:03  SCV  
  18  1:16  SCV  
  19  1:24  Command Center  
  19  1:29  Orbital Command  
  19  1:33  Marine  
  20  1:44  Barracks  
  20  1:52  Supply Depot  
  20  1:54  Marine  
  21  1:58  SCV  
  22  2:10  SCV  
  23  2:16  Barracks  
  23  2:22  SCV  
  24  2:26  Refinery x2  
  24  2:31  Marine  
  24  2:32  Marine  
  24  2:34  SCV  
  27  2:46  SCV  
  27  2:49  Marine x2  
  29  3:00  Orbital Command, SCV  
  30  3:06  Barracks Tech Lab  
  30  3:12  SCV  
  31  3:19  Marine x2  
  31  3:24  SCV  
  33  3:28  Stimpack  
  33  3:33  SCV  
  34  3:36  SCV  
  34  3:37  Supply Depot  
  34  3:38  Barracks Reactor  
  36  3:45  SCV  
  37  3:49  Barracks Reactor  
  37  3:52  Marine  
  37  4:00  Supply Depot  
  37  4:01  SCV x2  
  39  4:13  SCV  
  38  4:30  SCV x2  
  40  4:33  Marine x4  
  40  4:34  Marauder  
  46  4:39  Factory  
  46  4:42  SCV x2  
  46  4:43  Supply Depot  
  46  4:45  Barracks  
  48  4:46  Barracks  
  48  4:50  Marine  
  48  4:51  Marine  
  48  4:52  Bunker  
  50  4:54  SCV  
  50  4:55  SCV  
  52  5:03  Engineering Bay  
  52  5:04  Engineering Bay  
  52  5:06  Refinery, SCV  
  53  5:07  SCV  
  53  5:09  Marine x2  
  53  5:10  Marine  
  53  5:11  Marauder  
  59  5:15  Marine  
  59  5:18  SCV  
  59  5:19  SCV  
  62  5:24  Factory Reactor  
  62  5:25  Starport, Supply Depot  
  62  5:30  Combat Shields, SCV  
  63  5:36  SCV  
  63  5:38  Barracks Tech Lab  
  63  5:39  Barracks Reactor, Marine  
  63  5:40  Marine x2  
  63  5:41  Marine  
  68  5:43  Marine  
  69  5:50  Supply Depot  
  69  5:52  Terran Infantry Weapons Level 1, Terran Infantry Armor Level 1  
  69  5:54  SCV x2  
  71  6:07  Command Center  
  71  6:08  Marine  
  71  6:09  Marine  
  73  6:15  SCV x2  
  75  6:20  Marauder x2  
  75  6:21  Marine  
  80  6:25  Supply Depot  
  80  6:27  Medivac  
  83  6:40  SCV x2  
  84  6:48  Supply Depot  
  84  6:49  Supply Depot  
  84  6:51  Armory  
  84  6:52  Marine x2, SCV x2  
  84  6:53  Marine x5  
  93  7:04  SCV  
  94  7:10  Medivac, Marauder, SCV  
  94  7:11  Marine x4  
  94  7:12  Marauder, Marine  
  106  7:16  SCV  
  106  7:22  Orbital Command  
  107  7:29  SCV x2  
  109  7:30  Marine x4  
  109  7:32  Sensor Tower, Marauder  
  109  7:34  Marauder  
  117  7:39  Marine x2  
  117  7:41  SCV x2  
  121  7:46  Missile Turret  
  121  7:48  Marine x2  
  121  7:50  Marine x2  
  124  7:55  Marine  
  125  8:14  Supply Depot, Marine x4  
  125  8:15  Medivac x2  
  125  8:17  Supply Depot  
  133  8:29  Liberator, Marine  
  133  8:30  Marine  
  133  8:31  Marauder x2  
  118  8:39  Marine  
  118  8:40  Marine x3  
  87  8:42  SCV x3  
  87  8:46  Medivac  
  87  8:47  Marine  
  87  8:48  Marine  
  96  8:53  Marauder x2  
  101  8:57  Marine  
  101  8:58  Marine  
  101  8:59  Marine x2  
  105  9:05  Marine  
  105  9:06  Marine  
  107  9:14  Marauder x2  
  107  9:15  Marine  
  107  9:16  Marine  
  107  9:17  Marine x2  
  90  9:26  Marine x2  
  88  9:33  Marine  
  88  9:34  Marine x3  
  91  9:41  Marine x2  
  91  9:43  Marine  
  91  9:44  Marine  
Tags
 
Composition
MMM BioMMM Bio
League
GoldGold
Matchup
TvT
Race
Terran
Replay Pack
Nickos replay
Add a new tag
Caveats
  • Supply blocks, unpowered buildings, or Contaminate may cause inaccurate times.
  • Supply counts are checked every 10 seconds.